 Dungeon Crawl Stone Soup version 0.30.1-11-g7821555f0a (webtiles) character file.

Game seed: 17090664782617834975

59 altug the Grave Robber (level 4, 0/30 HPs)
             Began as a Human Necromancer on Nov 25, 2023.
             Killed from afar by Grinder (3 damage)
             ... with a puff of flame
             ... on level 3 of the Dungeon.
             The game lasted 00:39:58 (1797 turns).

altug the Grave Robber (Human Necromancer)          Turns: 1797, Time: 00:39:58

Health: 0/30       AC:  4    Str:  9    XL:     4   Next: 22%
Magic:  4/7        EV: 11    Int: 17    God:
Gold:   90         SH:  0    Dex: 13    Spells: 4/8 levels left

rFire   . . .        l - staff of death
rCold   . . .        (no shield)
rNeg    + . .        n - +0 leather armour
rPois   .            f - +0 helmet
rElec   .            (no cloak)
rCorr   .            (no gloves)
SInv    .            (no boots)
Will    .....        (no amulet)
Stlth   +            (no ring)
HPRegen 0.25/turn    (no ring)
MPRegen 0.10/turn

%: no passive effects
@: silenced
A: no striking features
a: no special abilities


You were on level 3 of the Dungeon.
You visited 1 branch of the dungeon, and saw 3 of its levels.

You collected 90 gold pieces.

Inventory:

Hand Weapons
 c - a +0 club
 k - a +0 dagger of speed
 m - a +0 whip
Missiles
 d - 32 stones
Armour
 a - a +0 robe
 e - a +0 ring mail
 f - a +0 helmet (worn)
 g - a +0 barding
 n - a +0 leather armour (worn)
 o - a +0 scale mail
Magical Staves
 l - a staff of death (weapon)
Jewellery
 r - a ring of ice
Scrolls
 p - a scroll of teleportation {unknown}
 q - 2 scrolls of identify {unknown}
Potions
 b - a potion of magic
 i - a potion of curing {unknown}
 j - a potion of lignification {unknown}


   Skills:
 + Level 0.6 Staves
 + Level 2.0 Dodging
 + Level 2.0 Stealth
 + Level 2.5 Spellcasting
 + Level 5.0 Necromancy


You had 4 spell levels left.
You knew the following spells:

 Your Spells              Type           Power      Damage    Failure   Level
a - Necrotise             Necr           100%       1d9       3%          1
b - Vampiric Draining     Necr           28%        2d8       10%         3

Your spell library contained the following spells:

 Spells                   Type           Power      Damage    Failure   Level
 Animate Dead             Necr           28%        N/A       32%         4
 Agony                    Necr           28%        N/A       67%         5


Dungeon Overview and Level Annotations

Branches:
Dungeon (3/15)

Altars:

Annotations:
D:3 Grinder


Message History

You feel a surge of power!
Grinder is unaffected.
Grinder gestures at you. You resist with significant effort.
Aiming: Necrotise (safe; 3% risk of failure)
Press: ? - help, Q - select action, (/) - cycle Shift-Dir - straight line, f/p - Grinder
Aim: Grinder, carrying a wand of flame (27) (not susceptible)
You feel a surge of power!
Grinder is unaffected.
Aiming: Necrotise (safe; 3% risk of failure)
Press: ? - help, Q - select action, (/) - cycle Shift-Dir - straight line, f/p - Grinder
Aim: Grinder, carrying a wand of flame (27) (not susceptible)
You feel a surge of power!
Grinder is unaffected.
Grinder blinks!
Grinder zaps a wand.
The puff of flame hits you!
Aiming: Necrotise (safe; 3% risk of failure)
Press: ? - help, Q - select action, (/) - cycle Shift-Dir - straight line, f/p - Grinder
Aim: Grinder, carrying a wand of flame (26) (not susceptible)
You feel a surge of power!
Grinder is unaffected.
Grinder zaps a wand.
The puff of flame hits you. Grinder gestures at you.
You suddenly lose the ability to move!
Grinder zaps a wand.
The puff of flame hits you!
* * * LOW HITPOINT WARNING * * *
You can move again.
Hit: l) staff of death
Press: ? - help, Dir - move target, f/p - Grinder
Aim: Grinder, carrying a wand of flame (24) (about 43% to evade your staff of death)
You hit Grinder.
Grinder is lightly wounded.
Grinder hits you.
* * * LOW HITPOINT WARNING * * *
As you read the scroll labelled HOLIOG YREISHRU, it crumbles to dust.
A profound silence engulfs you.
It was a scroll of silence.
Grinder hits you.
* * * LOW HITPOINT WARNING * * *
You writhe in agony.
* * * LOW HITPOINT WARNING * * *
You hit Grinder.
Grinder is lightly wounded.
Grinder blinks!
Grinder zaps a wand.
The puff of flame hits you.
You die...

.)>.######.#.#
#.# #.#
###........#.#
#.# #.#
##########.#
#.# #.# .# #.#
#.# #.# #.# #.#
#.# #ยง# #.#
#.# #.# #@# #.#
#.# #.# #.# #.#
#5######.#
#>.......#
#######........
##.....##
#####.# #


You could see Grinder (unsilenced).

Vanquished Creatures
  An adder (D:2)
  A worm (D:2)
  3 dart slugs
  3 ball pythons
  4 endoplasms
  A giant cockroach (D:1)
  3 goblins
  A hobgoblin (D:1)
  7 jackals
  A quokka (D:2)
  4 frilled lizards
  3 kobolds (D:2)
  3 rats
35 creatures vanquished.

Vanquished Creatures (collateral kills)
  2 goblins
2 creatures vanquished.

Grand Total: 37 creatures vanquished

Notes
Turn   | Place    | Note
-------+----------+-------------------------------------------
     0 | D:1      | altug the Human Necromancer began the quest for the Orb.
     0 | D:1      | Reached XP level 1. HP: 13/13 MP: 3/3
    66 | D:1      | Reached XP level 2. HP: 9/19 MP: 0/5
   776 | D:1      | Reached XP level 3. HP: 24/24 MP: 4/6
  1234 | D:2      | Reached XP level 4. HP: 17/30 MP: 0/7
  1420 | D:2      | Learned a level 3 spell: Vampiric Draining
  1558 | D:2      | Reached skill level 5 in Necromancy
  1783 | D:3      | Noticed Grinder
  1792 | D:3      | Paralysed by Grinder for 2 turns
  1797 | D:3      | Killed from afar by Grinder

Illustrated notes

Levels and vault maps discovered:
D:1:      amcnicky_arrival_double_pillar, layout_loops_ring
D:2:      layout_basic, chequers_serial_rivers_room_a, minmay_split_cup_small
D:3:      layout_loops_ring, kennysheep_jessica_study, uniq_grinder, uniq_ijyb

Skill      XL: |  1  2  3  4 |
---------------+-------------+-----
Necromancy     | 5 |  5.0
Staves         | |  0.6
Dodging        | |  2.0
Stealth        | |  2.0
Spellcasting   | |  2.5

Action                     |  1- 3 |  4- 6 || total
---------------------------+-------+-------++-------
  Melee: Unarmed           |    31 |       ||    31
         Punch             |     2 |       ||     2
         Club              |     1 |       ||     1
         Staff             |    27 |    14 ||    41
   Cast: Necrotise         |    38 |    15 ||    53
    Use: Scroll            |     2 |     1 ||     3
   Stab: Distracted        |     2 |       ||     2
 Armour: Robe              |    16 |     1 ||    17
         Leather armour    |       |     5 ||     5
  Dodge: Dodged            |    58 |    12 ||    70
